Map: Ruins of Endion

Players

SmelC - Winner!

  • Race: Zerg Zerg
  • League: Master

Miszu

  • Race: Terran Terran
  • League: Master

VOD

Have the link to the VOD?

Description

Time

  • Played on: April 10, 2016, 11:10 a.m.
  • Length: 17:42
Show
View Real Time Build Order
Export as new Build Order

SmelC Zerg - Winner!

Build Orders: Hatch First 

Get SALT Encoding   

  12  0:00  Drone  
  13  0:12  Overlord  
  13  0:17  Drone  
  14  0:30  Drone  
  14  0:31  Drone  
  14  0:34  Drone  
  17  0:52  Hatchery  
  17  0:54  Drone  
  17  1:00  Extractor  
  16  1:10  Spawning Pool  
  15  1:12  Drone  
  15  1:16  Drone  
  17  1:19  Drone  
  18  1:28  Drone  
  19  1:39  Drone  
  20  1:49  Overlord  
  20  1:56  Queen  
  22  2:02  Metabolic Boost  
  22  2:03  Zergling x2  
  22  2:04  Zergling x2  
  22  2:07  Queen  
  26  2:12  Drone  
  27  2:19  Drone  
  27  2:21  Drone  
  29  2:26  Drone  
  30  2:32  Overlord  
  30  2:33  Queen  
  32  2:38  Drone  
  32  2:43  Drone  
  33  2:50  Drone  
  34  2:53  Drone  
  34  2:56  Extractor  
  34  2:57  Drone  
  35  3:05  Drone x2  
  37  3:06  Drone  
  37  3:08  Overlord  
  38  3:13  Evolution Chamber  
  38  3:16  Drone x4  
  41  3:23  Drone  
  42  3:27  Drone  
  42  3:29  Spore Crawler  
  43  3:37  Drone  
  43  3:40  Hatchery  
  43  3:42  Zerg Ground Armor Level 1  
  43  3:44  Overlord  
  43  3:49  Drone x4  
  43  3:53  Drone  
  48  3:55  Lair  
  48  4:01  Drone  
  49  4:08  Drone  
  50  4:11  Overlord  
  50  4:19  Overlord, Extractor  
  50  4:20  Extractor  
  50  4:21  Zergling x10  
  50  4:22  Zergling x2  
  54  4:25  Drone  
  56  4:31  Drone  
  56  4:37  Spore Crawler  
  56  4:38  Drone, Spore Crawler  
  55  4:45  Drone  
  56  4:51  Drone  
  57  5:01  Overlord  
  57  5:23  Overlord, Hydralisk Den  
  57  5:27  Drone x2  
  58  5:33  Drone x3  
  58  5:34  Spore Crawler, Drone x6  
  66  5:39  Drone  
  66  5:40  Drone  
  66  5:41  Zerg Ground Armor Level 2  
  68  5:45  Drone  
  68  5:47  Infestation Pit, Drone  
  69  5:51  Drone x3  
  69  5:56  Baneling Nest  
  71  5:59  Hatchery  
  67  6:05  Drone x2  
  67  6:09  Overlord  
  67  6:10  Queen x2  
  73  6:13  Zergling x10  
  73  6:15  Zergling x2  
  73  6:16  Zergling x2  
  73  6:18  Zergling x2  
  81  6:21  Overlord  
  80  6:41  Overlord  
  80  6:55  Zergling x2  
  80  6:56  Zergling x18  
  80  6:58  Centrifical Hooks  
  80  7:00  Overlord  
  90  7:01  Hive  
  90  7:13  Overlord  
  90  7:19  Drone x2  
  90  7:20  Drone x6  
  98  7:23  Overlord  
  98  7:26  Extractor  
  98  7:28  Drone x3  
  98  7:29  Extractor, Drone x2  
  101  7:30  Drone x2  
  101  7:32  Zergling x2  
  104  7:38  Pneumatized Carapace  
  104  7:39  Overlord  
  104  7:44  Zergling x8  
  104  7:45  Baneling x2  
  104  7:48  Zergling x6  
  104  7:49  Baneling  
  104  7:50  Baneling x12  
  112  7:51  Zergling x4  
  112  7:55  Zergling x4  
  112  7:57  Baneling  
  112  7:58  Zergling x2, Zerg Melee Weapons Level 1, Baneling x4  
  114  7:59  Zergling x4  
  114  8:00  Zergling x4  
  119  8:06  Spine Crawler  
  119  8:07  Zergling x2  
  119  8:08  Spine Crawler  
  118  8:13  Zergling x10  
  118  8:15  Muscular Augments  
  118  8:19  Adrenal Glands  
  123  8:21  Ultralisk Cavern  
  123  8:25  Hydralisk x3  
  128  8:28  Overlord x2  
  128  8:31  Overlord  
  128  8:35  Overlord  
  128  8:43  Overlord x2  
  128  8:45  Overlord  
  128  8:48  Overlord  
  128  8:53  Baneling x4  
  128  8:54  Overlord  
  128  8:59  Overlord  
  121  9:05  Baneling x4  
  121  9:06  Baneling  
  121  9:09  Hydralisk  
  120  9:12  Ultralisk x2  
  132  9:22  Ultralisk  
  136  9:32  Ultralisk x2  
  147  9:42  Baneling x2  
  147  9:43  Zergling x2, Baneling x3  
  147  9:44  Zergling x16  
  154  9:50  Zergling x2  
  154  9:51  Zergling x12  
  154  9:52  Zerg Ground Armor Level 3  
  157  10:03  Chitinous Plating  
  152  10:14  Hydralisk x9  
  140  10:27  Zergling x8  
  143  10:38  Zergling x2, Hatchery  
  143  10:39  Zergling x10  
  148  10:46  Zergling x6  
  150  10:51  Zergling x4  
  152  11:10  Zergling x16  
  160  11:13  Baneling  
  160  11:14  Baneling x3  
  160  11:17  Baneling  
  160  11:18  Baneling x5  
  160  11:19  Zergling x2  
  156  11:35  Zergling x4  
  156  11:36  Zergling x16  
  162  11:47  Spire  
  162  11:53  Zergling x2  
  164  11:54  Zergling x16  
  164  11:58  Ultralisk  
  176  12:02  Zergling x6  
  179  12:09  Zergling x2  
  179  12:10  Zergling x6  
  179  12:15  Ultralisk x2  
  195  12:23  Spire  
  195  12:26  Extractor  
  195  12:28  Zerg Melee Weapons Level 2  
  190  12:30  Extractor  
  190  12:33  Drone x3  
  190  12:34  Drone x3  
  190  12:35  Spine Crawler  
  194  12:37  Spine Crawler  
  193  13:02  Baneling x2  
  193  13:03  Baneling x2  
  193  13:04  Zerg Flyer Weapons Level 1, Mutalisk  
  193  13:05  Mutalisk x2  
  197  13:23  Zergling x2  
  197  13:24  Zergling x2  
  199  13:30  Hatchery  
  198  13:38  Zerg Flyer Armor Level 1  
  192  14:24  Mutalisk x2  
  192  14:25  Mutalisk  
  197  14:38  Mutalisk  
  197  14:45  Zerg Missile Weapons Level 1  
  198  15:10  Baneling  
  198  15:11  Baneling x21  
  192  15:36  Corruptor x2  
  192  15:37  Corruptor x2  
  198  15:58  Hatchery  
  198  16:00  Hatchery  
  191  16:27  Zergling x2  
  191  16:28  Zergling x6  
  182  16:36  Corruptor x2  
  182  16:37  Corruptor x7  
  145  16:40  Zergling x8  
  145  16:41  Zergling x32  
  145  16:47  Zergling x2  
  145  16:48  Zergling x12  
  145  16:55  Zergling x8  
  145  16:56  Zergling x30  
  145  16:58  Baneling x3  
  157  17:04  Zergling x2  
  157  17:05  Zergling x2  
  157  17:06  Baneling  
  157  17:07  Baneling x4  
  157  17:08  Baneling x4  
  153  17:09  Zergling x4  
  153  17:11  Zergling x2  
  156  17:18  Zergling x10  
  161  17:23  Zergling x4  
Show
View Real Time Build Order
Export as new Build Order

Miszu Terran 

Build Orders: Liberator Opening, Reaper Expand, MMM Bio 

Get SALT Encoding   

  12  0:00  SCV  
  13  0:12  SCV  
  14  0:17  Supply Depot  
  14  0:25  SCV  
  15  0:39  Barracks, SCV  
  16  0:44  Refinery  
  16  0:51  SCV  
  17  1:03  SCV  
  18  1:15  SCV  
  19  1:27  Orbital Command  
  19  1:30  Reaper  
  20  1:38  Command Center  
  20  1:49  Supply Depot  
  20  1:53  SCV  
  21  2:03  Barracks Reactor  
  21  2:05  SCV  
  21  2:07  Marine  
  23  2:12  Factory  
  23  2:14  Refinery  
  23  2:17  SCV  
  24  2:29  SCV  
  25  2:39  Barracks Reactor  
  25  2:41  SCV  
  26  2:50  Orbital Command  
  26  2:53  SCV  
  26  2:58  Starport  
  27  2:59  Bunker, Factory Tech Lab  
  27  3:05  SCV  
  28  3:15  Marine x2  
  28  3:17  SCV x2  
  32  3:20  Siege Tank  
  35  3:29  SCV x2  
  35  3:31  Supply Depot, Liberator  
  36  3:35  Marine  
  36  3:36  Marine  
  39  3:41  SCV x2  
  43  3:53  SCV  
  43  3:54  Supply Depot, SCV  
  43  3:55  Marine x2  
  47  4:05  SCV  
  47  4:06  SCV  
  49  4:14  Command Center  
  49  4:17  SCV  
  49  4:18  SCV  
  49  4:19  Supply Depot, Siege Tank  
  49  4:23  Liberator  
  54  4:29  SCV  
  54  4:30  SCV  
  56  4:41  Barracks, SCV  
  56  4:42  Barracks, SCV  
  56  4:43  Supply Depot  
  61  4:53  Marine  
  61  4:54  SCV x2  
  64  5:06  SCV x2  
  66  5:07  Marine  
  67  5:16  Refinery  
  67  5:17  Refinery, Marine  
  67  5:18  SCV x2  
  67  5:20  Engineering Bay x2  
  70  5:24  Starport Reactor, Barracks  
  70  5:25  Marine  
  70  5:26  Barracks  
  70  5:27  Orbital Command  
  71  5:33  Barracks Tech Lab x2  
  71  5:35  SCV x2  
  73  5:40  Supply Depot  
  73  5:42  Marine x2  
  73  5:47  Terran Infantry Weapons Level 1, SCV  
  73  5:49  Terran Infantry Armor Level 1  
  76  5:56  Marine x2  
  78  5:59  Stimpack, SCV  
  78  6:00  Marine, SCV  
  82  6:05  Marine  
  82  6:11  SCV  
  82  6:13  SCV  
  82  6:14  Supply Depot  
  82  6:15  Supply Depot  
  82  6:16  Barracks Reactor x2, Combat Shields  
  82  6:17  Marine x2  
  82  6:18  Marine  
  86  6:24  Marine  
  88  6:30  Medivac  
  88  6:31  Medivac  
  88  6:32  SCV x2  
  94  6:35  Marine  
  94  6:38  Marine x2  
  97  6:40  Supply Depot  
  97  6:44  Supply Depot, SCV x2  
  99  6:48  Orbital Command  
  99  6:49  Marine  
  99  6:50  Siege Tank  
  100  6:54  Marine x2  
  100  6:55  Marine x3  
  100  6:56  SCV x2  
  100  7:00  Armory  
  107  7:03  Missile Turret  
  106  7:11  SCV  
  106  7:14  SCV x2  
  108  7:23  Supply Depot, Medivac x2, SCV  
  108  7:26  SCV x2, Missile Turret  
  108  7:29  Missile Turret  
  115  7:32  Marine x3  
  115  7:35  SCV  
  115  7:36  Marine x2  
  115  7:37  Marine x2  
  121  7:38  SCV x2  
  121  7:39  Siege Tank  
  121  7:44  Marauder  
  130  7:50  Marine x3  
  133  7:56  Marine, Marauder  
  136  8:02  Medivac x2  
  136  8:03  Marine  
  141  8:05  Supply Depot  
  141  8:08  Barracks  
  141  8:09  Barracks  
  141  8:10  Supply Depot x2, Barracks  
  141  8:13  Supply Depot, Marauder  
  141  8:17  Marauder  
  145  8:25  Marine x3  
  148  8:29  Marine x3  
  148  8:30  Siege Tank  
  154  8:34  Marauder  
  154  8:39  Command Center, Marauder  
  154  8:40  Terran Infantry Armor Level 2, Terran Infantry Weapons Level 2  
  158  8:42  Marine  
  158  8:43  Marine x2  
  161  8:56  Marauder  
  161  9:00  Marine, Marauder  
  161  9:01  Marine x5  
  155  9:11  SCV  
  158  9:17  Marauder  
  158  9:18  Marine x3  
  158  9:19  Marine x3  
  158  9:21  Marauder  
  158  9:23  Medivac x2, Siege Tank  
  173  9:36  Marine x4  
  179  9:38  Marauder  
  179  9:42  Marine x4  
  179  9:44  Liberator  
  180  9:46  Marauder  
  182  9:53  Medivac  
  185  10:00  Marauder  
  185  10:01  Marine  
  185  10:04  Siege Tank  
  183  10:07  Marauder  
  183  10:08  Liberator  
  143  10:21  Marauder  
  144  10:29  Marauder  
  146  10:41  Marine  
  146  10:42  Cyclone  
  152  10:43  Marauder  
  152  10:44  Barracks Tech Lab  
  152  10:46  SCV  
  153  10:50  Marauder  
  153  10:55  Marine, Refinery  
  153  10:56  Marine x6  
  157  10:57  Refinery  
  157  10:58  Marine  
  160  11:04  Marauder  
  160  11:12  Marauder  
  160  11:13  Marine x5  
  160  11:14  Cyclone  
  160  11:16  Marine, Barracks Tech Lab  
  160  11:17  Barracks Tech Lab  
  160  11:18  Sensor Tower  
  173  11:25  Marauder  
  173  11:26  Marauder  
  173  11:31  Marine x2  
  177  11:33  Marauder  
  178  11:41  Marine x3  
  178  11:42  Marine x3  
  190  11:50  Terran Infantry Armor Level 3  
  190  11:52  Terran Infantry Weapons Level 3  
  184  11:57  Liberator x2  
  184  11:58  Refinery  
  184  12:03  Missile Turret  
  184  12:04  Refinery  
  184  12:18  Ghost Academy  
  184  12:21  Command Center  
  184  12:26  Planetary Fortress  
  166  12:37  Marine, Marauder  
  166  12:38  Marine x3  
  166  12:39  Liberator  
  166  12:40  Cyclone  
  175  12:47  Sensor Tower  
  175  12:56  Ghost  
  180  13:12  Hellbat, Liberator  
  182  13:13  Ghost x4  
  190  13:24  Liberator  
  190  13:29  Ghost  
  195  13:38  Command Center  
  192  13:41  Ghost  
  197  13:49  Ghost  
  199  14:09  Ghost  
  190  14:20  Ghost x4  
  193  14:28  Marine x4  
  195  14:37  Medivac, Ghost  
  187  14:48  Ghost  
  187  14:49  Ghost x3  
  188  15:09  Marine, Marauder  
  188  15:10  Marine x5  
  196  15:17  Marine x2  
  196  15:18  Marine x2  
  200  15:51  Starport  
  200  15:53  Starport  
  200  16:00  Missile Turret  
  200  16:02  Missile Turret  
  190  16:18  Missile Turret  
  73  16:59  Ghost  
  75  17:03  Ghost  
  83  17:12  Command Center  
  83  17:14  Orbital Command  
  85  17:35  Command Center  
Tags
 
Add a new tag
Caveats
  • Supply blocks, unpowered buildings, or Contaminate may cause inaccurate times.
  • Supply counts are checked every 10 seconds.